SAAA
TREMONT DOUBLEDAYS @ PORT ROYAL DISASTER
05/03/2031
 
TOP OF THE 1ST
Tremont Doubledays batting - Pitching for Port Royal Disaster : LHP Wilson Longoria
Pitching: LHP Wilson Longoria
Batting: RHB Bryant Skelly 0-0: Ball
1-0: Ball
2-0: Fly out, F7 (Flyball, 7LM)
Batting: RHB Andrés Gonzáles 0-0: Ball
1-0: Called Strike
1-1: Ground out 5-3 (Groundball, 56)
Batting: RHB Sang Hong-Do 0-0: Ball
1-0: Ball
2-0: Called Strike
2-1: Foul Ball, location: 2F
2-2: SINGLE (Groundball, 6D)
Batting: RHB Geoffrey Broekhuizen 0-0: Ball
Sang Hong-Do steals 2nd base
1-0: Reached on error, E3 (Groundball, 34)
Sang Hong-Do to third
Batting: LHB Denis Jerningham 0-0: Foul Ball, location: 2F
0-1: Ground out 4-3 (Groundball, 4)
Top of the 1st over - 0 runs, 1 hit, 1 error, 2 left on base; Tremont 0 - Port Royal 0
BOTTOM OF THE 1ST
Port Royal Disaster batting - Pitching for Tremont Doubledays : RHP Martín Flores
Pitching: RHP Martín Flores
Batting: RHB Jesús Vargas 0-0: Called Strike
0-1: Swinging Strike
0-2: Strikes out swinging
Batting: RHB Steve Bock 0-0: Bunt for hit - play at first, batter OUT! 1-3
Batting: LHB Phil Minor 0-0: Foul Ball, location: 2F
0-1: Called Strike
0-2: Fly out, F7 (Line Drive, 78M)
Bottom of the 1st over - 0 runs, 0 hits, 0 errors, 0 left on base; Tremont 0 - Port Royal 0
TOP OF THE 2ND
Tremont Doubledays batting - Pitching for Port Royal Disaster : LHP Wilson Longoria
Batting: RHB Jesús Quintana 0-0: Ball
1-0: Ground out 3-1 (Groundball, 34S)
Batting: RHB Max Berman 0-0: Foul Ball, location: 2F
0-1: Ball
1-1: Ball
2-1: Ball
3-1: Base on Balls
Batting: RHB Sheldon Deshotels 0-0: Ball
1-0: Called Strike
1-1: Swinging Strike
1-2: SINGLE (Groundball, 6MD)
Max Berman to second
Batting: RHB Martín Méndez 0-0: Called Strike
0-1: Ball
1-1: Ball
2-1: Foul Ball, location: 2F
2-2: Ball
3-2: Base on Balls
Max Berman to third
Sheldon Deshotels to second
Batting: RHB Bryant Skelly 0-0: Called Strike
0-1: Foul Ball, location: 2F
0-2: Foul Ball, location: 2F
0-2: SINGLE (Groundball, 6D)
Max Berman scores
Sheldon Deshotels to third
Martín Méndez to second
Runner from 3rd tries for Home, SAFE, no throw
Batting: RHB Andrés Gonzáles 0-0: Called Strike
0-1: Foul Ball, location: 2F
0-2: Ball
1-2: Ball
2-2: Foul Ball, location: 2F
2-2: Foul Ball, location: 2F
2-2: Foul Ball, location: 2F
2-2: Foul Ball, location: 2F
2-2: SINGLE (Line Drive, 56)
Martín Méndez to third
Bryant Skelly to second
Batting: RHB Sang Hong-Do 0-0: Ground out 4-3 (Groundball, 4S)
Martín Méndez scores
Bryant Skelly to third
Andrés Gonzáles to second
Batting: RHB Geoffrey Broekhuizen 0-0: Ball
1-0: Called Strike
1-1: Ball
2-1: Swinging Strike
2-2: Ball
3-2: Strikes out swinging
Top of the 2nd over - 3 runs, 3 hits, 0 errors, 2 left on base; Tremont 3 - Port Royal 0
BOTTOM OF THE 2ND
Port Royal Disaster batting - Pitching for Tremont Doubledays : RHP Martín Flores
Batting: LHB Sisto Pagnamenta 0-0: Swinging Strike
0-1: Called Strike
0-2: Ball
1-2: Strikes out swinging
Batting: RHB Gary Chalmers 0-0: Foul Ball, location: 2F
0-1: Swinging Strike
0-2: Strikes out looking
Batting: LHB Ricky Payton 0-0: Ground out U3 (Groundball, 34S)
Bottom of the 2nd over - 0 runs, 0 hits, 0 errors, 0 left on base; Tremont 3 - Port Royal 0
TOP OF THE 3RD
Tremont Doubledays batting - Pitching for Port Royal Disaster : LHP Wilson Longoria
Batting: LHB Denis Jerningham 0-0: Ball
1-0: Fly out, F1 (Popup, 13)
Batting: RHB Jesús Quintana 0-0: Ball
1-0: Called Strike
1-1: Foul Ball, location: 2F
1-2: Ball
2-2: Foul Ball, location: 2F
2-2: Strikes out swinging
Batting: RHB Max Berman 0-0: Swinging Strike
0-1: Ball
1-1: Ball
2-1: Ball
3-1: Reached on error, E4 (Groundball, 4)
Batting: RHB Sheldon Deshotels 0-0: Ball
1-0: Ball
2-0: Foul Ball, location: 2F
2-1: Ball
3-1: SINGLE (Flyball, 78M)
Max Berman to second
Pitching: RHP Miguel Hernández
Batting: RHB Martín Méndez 0-0: Called Strike
0-1: Ball
1-1: Ball
2-1: Called Strike
2-2: Strikes out swinging
Top of the 3rd over - 0 runs, 1 hit, 1 error, 2 left on base; Tremont 3 - Port Royal 0
BOTTOM OF THE 3RD
Port Royal Disaster batting - Pitching for Tremont Doubledays : RHP Martín Flores
Batting: SHB Aurelio Jiménez 0-0: Foul Ball, location: 2F
0-1: Ball
1-1: Ball
2-1: Ball
3-1: Called Strike
3-2: Strikes out swinging
Batting: LHB Mitchell Cusimano 0-0: Called Strike
0-1: Fly out, F5 (Popup, 5SF)
Batting: LHB José Vázquez 0-0: SINGLE (Flyball, 89M)
Batting: RHB Jesús Vargas 0-0: Ball
1-0: Called Strike
1-1: Foul Ball, location: 2F
1-2: Strikes out swinging
Bottom of the 3rd over - 0 runs, 1 hit, 0 errors, 1 left on base; Tremont 3 - Port Royal 0
TOP OF THE 4TH
Tremont Doubledays batting - Pitching for Port Royal Disaster : RHP Miguel Hernández
Batting: RHB Bryant Skelly 0-0: Ground out 2-3 (Groundball, 2L)
Batting: RHB Andrés Gonzáles 0-0: Fly out, F9 (Flyball, 9D)
Batting: RHB Sang Hong-Do 0-0: Ball
1-0: Ball
2-0: Called Strike
2-1: Ball
3-1: Foul Ball, location: 2F
3-2: Foul Ball, location: 2F
3-2: Strikes out swinging
Top of the 4th over - 0 runs, 0 hits, 0 errors, 0 left on base; Tremont 3 - Port Royal 0
BOTTOM OF THE 4TH
Port Royal Disaster batting - Pitching for Tremont Doubledays : RHP Martín Flores
Batting: RHB Steve Bock 0-0: Swinging Strike
0-1: Ball
1-1: Swinging Strike
1-2: Strikes out swinging
Batting: LHB Phil Minor 0-0: Ball
1-0: Ball
2-0: Ball
3-0: Called Strike
3-1: Base on Balls
Batting: LHB Sisto Pagnamenta 0-0: Called Strike
0-1: Fielders Choice at 2nd, 3-6 (Groundball, 3)
Batting: RHB Gary Chalmers 0-0: Ball
1-0: Called Strike
1-1: Called Strike
1-2: Strikes out swinging
Bottom of the 4th over - 0 runs, 0 hits, 0 errors, 1 left on base; Tremont 3 - Port Royal 0
TOP OF THE 5TH
Tremont Doubledays batting - Pitching for Port Royal Disaster : RHP Miguel Hernández
Batting: RHB Geoffrey Broekhuizen 0-0: Ground out 6-3 (Groundball, 6S)
Batting: LHB Denis Jerningham 0-0: Swinging Strike
0-1: Foul Ball, location: 2F
0-2: Ball
1-2: Ball
2-2: Ball
3-2: Base on Balls
Batting: RHB Jesús Quintana 0-0: Called Strike
0-1: Ball
1-1: Foul Ball, location: 2F
1-2: Ball
2-2: Ball
3-2: Base on Balls
Denis Jerningham to second
Batting: RHB Max Berman 0-0: Ball
1-0: Ball
2-0: Called Strike
2-1: SINGLE (Groundball, 34) (infield hit)
Denis Jerningham to third
Jesús Quintana to second
Batting: RHB Sheldon Deshotels 0-0: Called Strike
0-1: Foul Ball, location: 2F
0-2: Grounds into double play, 5-4-3 (Groundball, 56)
Top of the 5th over - 0 runs, 1 hit, 0 errors, 2 left on base; Tremont 3 - Port Royal 0
BOTTOM OF THE 5TH
Port Royal Disaster batting - Pitching for Tremont Doubledays : RHP Martín Flores
Batting: LHB Ricky Payton 0-0: Swinging Strike
0-1: Foul Ball, location: 2F
0-2: Ball
1-2: Foul Ball, location: 2F
1-2: Ball
2-2: Ground out U3 (Groundball, 3)
Batting: SHB Aurelio Jiménez 0-0: Foul Ball, location: 2F
0-1: Fly out, F6 (Popup, 6)
Batting: LHB Mitchell Cusimano 0-0: Foul Ball, location: 2F
0-1: Called Strike
0-2: Foul Ball, location: 2F
0-2: Strikes out swinging
Bottom of the 5th over - 0 runs, 0 hits, 0 errors, 0 left on base; Tremont 3 - Port Royal 0
TOP OF THE 6TH
Tremont Doubledays batting - Pitching for Port Royal Disaster : RHP Miguel Hernández
Batting: RHB Martín Méndez 0-0: Called Strike
0-1: Ground out 5-3 (Groundball, 56S)
Batting: RHB Bryant Skelly 0-0: Ball
1-0: Ball
2-0: Called Strike
2-1: Ball
3-1: Foul Ball, location: 2F
3-2: Ground out 6-3 (Groundball, 6S)
Batting: RHB Andrés Gonzáles 0-0: Ground out 4-3 (Groundball, 4)
Top of the 6th over - 0 runs, 0 hits, 0 errors, 0 left on base; Tremont 3 - Port Royal 0
BOTTOM OF THE 6TH
Port Royal Disaster batting - Pitching for Tremont Doubledays : RHP Martín Flores
Batting: LHB José Vázquez 0-0: Ball
1-0: Ball
2-0: Ground out 6-3 (Groundball, 6M)
Batting: RHB Jesús Vargas 0-0: Ball
1-0: Called Strike
1-1: Swinging Strike
1-2: Strikes out looking
Batting: RHB Steve Bock 0-0: Called Strike
0-1: Ball
1-1: Reached on error, E1 (Groundball, 13)
Batting: LHB Phil Minor 0-0: Ball
1-0: Foul Ball, location: 2F
1-1: Ball
2-1: Swinging Strike
2-2: Ball
3-2: Foul Ball, location: 2F
3-2: Foul Ball, location: 2F
3-2: Foul Ball, location: 2F
3-2: Base on Balls
Steve Bock to second
Batting: LHB Sisto Pagnamenta 0-0: Ball
1-0: Called Strike
1-1: Ball
2-1: Called Strike
2-2: Ball
3-2: Base on Balls
Steve Bock to third
Phil Minor to second
Batting: RHB Gary Chalmers 0-0: Ball
1-0: Ground out 4-3 (Groundball, 4)
Bottom of the 6th over - 0 runs, 0 hits, 1 error, 3 left on base; Tremont 3 - Port Royal 0
TOP OF THE 7TH
Tremont Doubledays batting - Pitching for Port Royal Disaster : RHP Miguel Hernández
Batting: RHB Sang Hong-Do 0-0: Called Strike
0-1: Foul Ball, location: 2F
0-2: Ground out 6-3 (Groundball, 6)
Batting: RHB Geoffrey Broekhuizen 0-0: Ball
1-0: Ball
2-0: Ball
3-0: Base on Balls
Pitching: RHP Alfredo Hernández
Batting: LHB Denis Jerningham 0-0: Ball
1-0: Ball
2-0: Called Strike
2-1: Swinging Strike
2-2: SINGLE (Groundball, 4D)
Geoffrey Broekhuizen to second
Batting: RHB Jesús Quintana 0-0: Called Strike
0-1: Foul Ball, location: 2F
0-2: Strikes out swinging
Batting: RHB Max Berman 0-0: Called Strike
0-1: Called Strike
0-2: Strikes out swinging
Top of the 7th over - 0 runs, 1 hit, 0 errors, 2 left on base; Tremont 3 - Port Royal 0
BOTTOM OF THE 7TH
Port Royal Disaster batting - Pitching for Tremont Doubledays : RHP Martín Flores
Batting: LHB Ricky Payton 0-0: Ground out 4-3 (Groundball, 4M)
Batting: SHB Aurelio Jiménez 0-0: Foul Ball, location: 2F
0-1: Fly out, F8 (Flyball, 8RM)
Batting: LHB Mitchell Cusimano 0-0: Ball
1-0: SINGLE (Groundball, 4D)
Batting: LHB José Vázquez 0-0: Called Strike
0-1: Ball
1-1: Ball
2-1: Foul Ball, location: 2F
2-2: Strikes out looking
Bottom of the 7th over - 0 runs, 1 hit, 0 errors, 1 left on base; Tremont 3 - Port Royal 0
TOP OF THE 8TH
Tremont Doubledays batting - Pitching for Port Royal Disaster : RHP Alfredo Hernández
Batting: RHB Sheldon Deshotels 0-0: Swinging Strike
0-1: Fly out, F8 (Flyball, 8RD)
Batting: RHB Martín Méndez 0-0: Called Strike
0-1: Ball
1-1: Foul Ball, location: 2F
1-2: Foul Ball, location: 2F
1-2: Ball
2-2: Ball
3-2: Strikes out swinging
Batting: RHB Bryant Skelly 0-0: SINGLE (Flyball, 8LS)
Batting: RHB Andrés Gonzáles 0-0: Ball
Wild Pitch!
Bryant Skelly to second
1-0: Swinging Strike
1-1: Called Strike
1-2: Foul Ball, location: 2F
1-2: Foul Ball, location: 2F
1-2: Strikes out looking
Top of the 8th over - 0 runs, 1 hit, 0 errors, 1 left on base; Tremont 3 - Port Royal 0
BOTTOM OF THE 8TH
Port Royal Disaster batting - Pitching for Tremont Doubledays : RHP Martín Flores
Batting: RHB Jesús Vargas 0-0: Ball
1-0: Ball
2-0: Ball
3-0: Called Strike
3-1: Foul Ball, location: 2F
3-2: Strikes out swinging
Batting: RHB Steve Bock 0-0: Foul Ball, location: 2F
0-1: Foul Ball, location: 2F
0-2: Ball
1-2: Foul Ball, location: 2F
1-2: Ball
2-2: SOLO HOME RUN (Flyball, 78XD) (Inside the Park)
Batting: LHB Phil Minor 0-0: Ground out U3 (Groundball, 3)
Batting: LHB Sisto Pagnamenta 0-0: Called Strike
0-1: Foul Ball, location: 2F
0-2: Ball
1-2: Foul Ball, location: 2F
1-2: Ball
2-2: Ground out U3 (Groundball, 3)
Bottom of the 8th over - 1 run, 1 hit, 0 errors, 0 left on base; Tremont 3 - Port Royal 1
TOP OF THE 9TH
Tremont Doubledays batting - Pitching for Port Royal Disaster : RHP Alfredo Hernández
Batting: RHB Sang Hong-Do 0-0: Foul Ball, location: 2F
0-1: Ball
1-1: Called Strike
1-2: Ball
2-2: Foul Ball, location: 2F
2-2: Fly out, F8 (Flyball, 8LD)
Batting: RHB Geoffrey Broekhuizen 0-0: Ball
1-0: Ball
2-0: Ball
3-0: Called Strike
3-1: Base on Balls
Batting: LHB Denis Jerningham 0-0: Ball
1-0: Ball
2-0: Grounds into double play, 3-6-1 (Groundball, 3)
Top of the 9th over - 0 runs, 0 hits, 0 errors, 0 left on base; Tremont 3 - Port Royal 1
BOTTOM OF THE 9TH
Port Royal Disaster batting - Pitching for Tremont Doubledays : RHP Martín Flores
Pitching: RHP Alonso Martínez
Batting: RHB Gary Chalmers 0-0: Called Strike
0-1: SINGLE (Groundball, 4MD)
Batting: LHB Ricky Payton 0-0: Fielders Choice at 2nd, 4-6 (Groundball, 4)
Batting: SHB Aurelio Jiménez 0-0: Ball
1-0: Ball
2-0: Ball
3-0: Called Strike
3-1: Foul Ball, location: 2F
3-2: Fly out, F8 (Flyball, 8LM)
Batting: LHB Mitchell Cusimano 0-0: Called Strike
0-1: Ball
1-1: SINGLE (Groundball, 5D)
Ricky Payton to second
Pinch Hitting: LHB Bob Daugherty 0-0: Ball
1-0: Called Strike
1-1: SINGLE (Line Drive, 34D)
Ricky Payton to third
Mitchell Cusimano to second
Batting: RHB Jesús Vargas 0-0: Called Strike
0-1: Foul Ball, location: 2F
0-2: Fielders Choice at 2nd, 6-4 (Groundball, 6)
Bottom of the 9th over - 0 runs, 3 hits, 0 errors, 3 left on base; Tremont 3 - Port Royal 1
Tuesday, June 12th, 2018 - OOTP Baseball 18.8 Build 76